Map: Romanticide LE

Players

Nice

  • Race: Protoss Protoss
  • League: Master

Has - Winner!

  • Race: Protoss Protoss

Event: DreamHack SC2 Masters 2021 Summer

VOD

Have the link to the VOD?

Description

Time

  • Played on: May 23, 2021, 8:54 a.m.
  • Length: 8:46

All games in this series

Show
View Real Time Build Order
Export as new Build Order

Nice Protoss 

Build Orders:  

Get SALT Encoding   

  12  0:00  Probe  
  13  0:12  Probe  
  14  0:16  Pylon  
  14  0:24  Probe (Chrono Boost)  
  15  0:36  Probe (Chrono Boost)  
  15  0:37  Gateway  
  16  0:44  Probe (Chrono Boost)  
  16  0:47  Assimilator  
  17  0:50  Probe  
  18  0:57  Assimilator  
  18  1:03  Probe (Chrono Boost)  
  19  1:14  Probe (Chrono Boost)  
  19  1:15  Gateway  
  20  1:18  Probe (Chrono Boost)  
  21  1:26  Cybernetics Core  
  21  1:29  Probe  
  22  1:39  Pylon  
  22  1:41  Probe  
  23  1:57  Probe  
  23  2:00  Warp Gate (Chrono Boost)  
  24  2:03  Stalker x2  
  28  2:09  Probe  
  29  2:16  Pylon  
  29  2:33  Stalker  
  29  2:34  Stalker  
  33  2:40  Robotics Facility  
  32  2:54  Gateway  
  32  3:03  Stalker  
  32  3:05  Stalker  
  35  3:24  Warp Prism (Chrono Boost)  
  35  3:30  Pylon  
  37  3:53  Observer  
  38  4:03  Stalker x3  
  44  4:19  Pylon  
  44  4:27  Stalker  
  46  4:39  Nexus  
  44  4:49  Stalker  
  47  4:52  Probe  
  47  4:59  Observer  
  47  5:05  Probe  
  48  5:16  Twilight Council  
  48  5:17  Probe (Chrono Boost)  
  48  5:19  Shield Battery  
  49  5:24  Sentry x2  
  49  5:25  Sentry  
  55  5:36  Pylon  
  55  5:49  Blink (Chrono Boost)  
  55  5:50  Probe  
  55  5:53  Probe  
  58  6:06  Stalker  
  58  6:07  Stalker  
  57  6:19  Probe x2  
  59  6:31  Observer  
  59  6:32  Probe (Chrono Boost)  
  62  6:36  Probe (Chrono Boost)  
  62  6:41  Probe (Chrono Boost)  
  62  6:45  Probe (Chrono Boost)  
  64  6:47  Probe (Chrono Boost)  
  64  6:52  Immortal  
  69  6:55  Probe (Chrono Boost)  
  69  6:56  Observer  
  69  6:57  Observer  
  70  7:01  Forge  
  70  7:05  Pylon  
  70  7:07  Assimilator  
  70  7:10  Assimilator  
  70  7:17  Robotics Bay  
  70  7:23  Probe (Chrono Boost)  
  70  7:24  Observer  
  70  7:25  Probe (Chrono Boost)  
  71  7:36  Probe (Chrono Boost)  
  73  7:41  Probe (Chrono Boost)  
  73  7:42  Probe (Chrono Boost)  
  74  7:48  Probe  
  75  7:51  Probe  
  76  8:00  Probe  
  76  8:03  Probe  
  78  8:05  Pylon  
  76  8:13  Shield Battery  
  76  8:16  Probe x2, Pylon  
  76  8:17  Pylon  
  78  8:23  Stalker x2  
  78  8:24  Stalker  
Show
View Real Time Build Order
Export as new Build Order

Has Protoss - Winner!

Build Orders:  

Get SALT Encoding   

  12  0:00  Probe  
  13  0:12  Probe  
  14  0:17  Pylon  
  14  0:24  Probe (Chrono Boost)  
  16  0:37  Probe (Chrono Boost), Gateway  
  16  0:42  Probe (Chrono Boost)  
  16  0:47  Assimilator  
  17  0:53  Probe (Chrono Boost)  
  17  0:54  Assimilator  
  18  1:05  Probe (Chrono Boost)  
  18  1:07  Gateway  
  19  1:13  Probe (Chrono Boost)  
  20  1:19  Probe  
  20  1:24  Cybernetics Core  
  21  1:30  Pylon  
  21  1:33  Probe  
  22  1:45  Probe  
  23  1:57  Probe  
  23  2:01  Stalker x2  
  26  2:02  Warp Gate (Chrono Boost)  
  28  2:09  Probe  
  28  2:10  Pylon  
  29  2:22  Probe  
  32  2:37  Sentry  
  32  2:39  Sentry  
  34  2:44  Nexus  
  34  2:52  Pylon  
  34  3:02  Robotics Facility  
  34  3:03  Probe  
  35  3:12  Shield Battery  
  35  3:17  Stalker  
  37  3:20  Probe  
  38  3:31  Shield Battery  
  38  3:32  Probe  
  39  3:37  Pylon  
  40  3:52  Immortal (Chrono Boost)  
  43  3:56  Sentry  
  45  4:03  Pylon  
  45  4:04  Sentry  
  45  4:07  Probe (Chrono Boost)  
  48  4:15  Pylon  
  48  4:17  Probe (Chrono Boost)  
  48  4:19  Probe (Chrono Boost)  
  49  4:26  Probe (Chrono Boost)  
  51  4:35  Immortal  
  54  4:40  Probe  
  54  4:42  Probe  
  56  4:49  Adept x2  
  56  4:52  Probe  
  61  4:54  Probe, Pylon  
  62  5:03  Twilight Council  
  62  5:04  Probe  
  62  5:07  Probe (Chrono Boost)  
  64  5:11  Pylon  
  64  5:13  Phoenix  
  64  5:16  Probe (Chrono Boost)  
  64  5:20  Warp Prism  
  67  5:24  Probe (Chrono Boost)  
  68  5:28  Probe (Chrono Boost), Gateway  
  68  5:30  Probe (Chrono Boost)  
  70  5:36  Probe  
  71  5:43  Blink  
  71  5:46  Probe  
  71  5:48  Assimilator  
  71  5:49  Probe  
  73  5:50  Pylon  
  73  5:55  Forge  
  73  5:56  Observer  
  74  6:03  Stalker  
  76  6:14  Probe  
  75  6:20  Immortal (Chrono Boost)  
  79  6:27  Pylon  
  79  6:28  Pylon, Stalker x3  
  85  6:35  Probe, Protoss Ground Weapons Level 1 (Chrono Boost)  
  85  6:36  Pylon  
  86  6:47  Nexus  
  86  6:50  Probe, Pylon  
  86  6:52  Probe  
  88  7:02  Adept x2  
  88  7:03  Stalker  
  88  7:04  Probe  
  88  7:06  Colossus  
  95  7:10  Photon Cannon  
  95  7:13  Probe  
  96  7:18  Probe  
  97  7:27  Probe  
  98  7:31  Stalker  
  98  7:32  Stalker x2  
  98  7:34  Photon Cannon  
  104  7:38  Photon Cannon  
  104  7:40  Probe x2  
  102  7:53  Gateway  
  102  7:56  Stalker x2  
  102  7:57  Stalker  
  108  7:58  Probe  
  109  8:12  Probe  
  108  8:16  Gateway  
  108  8:17  Gateway  
  108  8:22  Stalker x3  
  108  8:23  Probe  
  109  8:28  Probe  
Tags
 
Add a new tag
Caveats
  • Supply blocks, unpowered buildings, or Contaminate may cause inaccurate times.
  • Supply counts are checked every 10 seconds.